 Dungeon Crawl Stone Soup version 0.31-a0-219-g8d62b2e7bb (webtiles) character file.

Game seed: 13423448371961450582

23111 mobinator the Severer (level 13, -12/115 HPs)
             Began as a Hill Orc Fighter on June 27, 2023.
             Was the Champion of Okawaru.
             Mangled by a purple ugly thing (16 damage)
             ... on level 14 of the Dungeon on July 3, 2023.
             The game lasted 01:00:10 (12433 turns).

mobinator the Severer (Hill Orc Fighter)           Turns: 12433, Time: 01:00:11

Health: -12/115    AC:  9    Str: 24    XL:     13   Next: 4%
Magic:  17/17      EV: 17    Int:  8    God:    Okawaru [******]
Gold:   352        SH:  6    Dex:  8    Spells: 12/12 levels left

rFire   + + .        G - +2 war axe (drain)
rCold   x . .        c - +0 buckler
rNeg    . . .        q - +3 ring mail "Noybbal" {rPois rF+ Dex-4 Slay+5}
rPois   +            (no helmet)
rElec   .            (no cloak)
rCorr   .            S - +0 pair of gloves
SInv    .            w - +0 pair of boots
Will    .....        p - amulet of regeneration Stlth
                     v - +5 ring of evasion
HPRegen 1.19/turn    Z - ring "Imucs" {Fire Dex+2}
MPRegen 0.15/turn

%: no passive effects
@: corroded
A: no striking features
a: Renounce Religion, Heroism, Finesse, Duel


You were on level 14 of the Dungeon.
You worshipped Okawaru.
Okawaru was exalted by your worship.
You visited 1 branch of the dungeon, and saw 14 of its levels.

You collected 786 gold pieces.
You spent 434 gold pieces at shops.

Inventory:

Hand Weapons
 G - a +2 war axe of draining (weapon)
 U - a +1 demon whip of venom
 X - a +0 battleaxe
Missiles
 d - 2 silver javelins
Armour
 c - a +0 buckler (worn)
 q - the +3 ring mail "Noybbal" (worn) {rPois rF+ Dex-4 Slay+5}
   (You found it on level 4 of the Dungeon)

   Dex:       It affects your dexterity (-4).
   Slay:      It affects your accuracy & damage with ranged weapons and melee
   (+5).
   rF:        It protects you from fire.
   rPois:     It protects you from poison.
 w - a +0 pair of boots (worn)
 S - a +0 pair of gloves (worn)
Jewellery
 p - an amulet of regeneration (around neck)
 v - a +5 ring of evasion (left hand)
 y - an amulet of magic regeneration
 B - an amulet of guardian spirit
 F - a ring of resist corrosion
 R - a ring of see invisible
 Y - a ring of magical power
 Z - the ring "Imucs" (right hand) {Fire Dex+2}
   (You bought it in a shop on level 12 of the Dungeon)

   [ring of fire]

   It enhances your fire magic.
   Dex:       It affects your dexterity (+2).
   rF:        It protects you from fire.
   rC:        It makes you vulnerable to cold.
Wands
 s - a wand of paralysis (6)
 H - a wand of digging (11)
 L - a wand of mindburst (6)
 O - a wand of iceblast (4)
 Q - a wand of quicksilver (6)
 V - a wand of flame (6)
Scrolls
 f - a scroll of immolation {unknown}
 i - 6 scrolls of identify
 j - 10 scrolls of teleportation
 k - 4 scrolls of blinking
 l - 2 scrolls of fog
 o - 2 scrolls of vulnerability
 r - a scroll of enchant weapon
 x - 3 scrolls of poison
 I - a scroll of revelation {unknown}
 T - a scroll of noise
Potions
 e - 4 potions of enlightenment
 g - a potion of heal wounds
 h - 2 potions of haste
 m - a potion of lignification {unknown}
 n - 4 potions of curing
 u - a potion of ambrosia
 z - 3 potions of mutation
 C - 4 potions of brilliance {unknown}
 D - a potion of attraction {unknown}
 J - a potion of berserk rage {unknown}
 K - 2 potions of resistance {unknown}
 M - 2 potions of magic {unknown}
 N - a potion of cancellation {unknown}


   Skills:
 + Level 10.9 Fighting
 * Level 15.2 Axes
 + Level 10.4 Armour
 + Level 7.4 Dodging
 + Level 10.2 Shields
 + Level 6.1 Invocations


You had 12 spell levels left.
You didn't know any spells.
Your spell library contained the following spells:

 Spells                   Type           Power      Damage    Failure   Level
 Foxfire                  Conj/Fire      0%         2x1d4     56%         1
 Magic Dart               Conj           0%         1d3       56%         1
 Sandblast                Erth           0%         2d4       56%         1
 Blink                    Tloc           0%         N/A       71%         2
 Passwall                 Tmut/Erth      0%         N/A       71%         2
 Mephitic Cloud           Conj/Pois/Air  0%         N/A       91%         3
 Stone Arrow              Conj/Erth      0%         3d7       91%         3
 Manifold Assault         Tloc           0%         N/A       100%        4
 Passage of Golubria      Tloc           0%         N/A       100%        4
 Fireball                 Conj/Fire      0%         3d3       100%        5
 Iskenderun's Battlesphe  Conj           0%         2d6       100%        5
 Yara's Violent Unravell  Hex/Tmut       0%         3d3       100%        5
 Leda's Unmaking          Conj/Erth      0%         9d1       100%        6
 Plasma Beam              Fire/Air       0%         2x1d10    100%        6
 Starburst                Conj/Fire      0%         6d3       100%        6
 Storm Form               Tmut/Air       0%         N/A       100%        7
 Call Imp                 Summ           Unusable   N/A       N/A         2
 Tukima's Dance           Hex            Unusable   N/A       N/A         3
 Spellforged Servitor     Conj/Summ      Unusable   N/A       N/A         7

Dungeon Overview and Level Annotations

Branches:
Dungeon (14/15)            Temple (0/1) D:7            Lair (0/5) D:10
    Orc (0/2) D:11
 Vaults: D:13-14

Altars:
Ashenzari
Cheibriados
Dithmenos
Fedhas
Gozag
Makhleb
Nemelex Xobeh
Okawaru
Ru
Sif Muna
Trog
Uskayaw
Zin
Beogh

Shops:
D:12 =!![

Portals:
Ice
Cave: D:14

Annotations:
D:5 1 runed translucent door, Koushar's ghost, amateur FeTm
D:6 1 runed translucent door, Crazy Yiuf


Message History

The centaur warrior shoots an arrow.
You block the arrow.
You climb upwards.
There is a stone staircase leading down here.
You start resting.
HP restored.
There is a stone staircase leading down here.
You climb downwards.
You feel a wave of frost pass over you.
There is an entrance to an ice cave on this level.
Hurry and find it before the portal melts!
The brown ugly thing gurgles horribly!
The centaur shoots an arrow.
The arrow misses you.
The centaur warrior shoots an arrow.
The arrow hits you.
The centaur shoots an arrow.
The arrow hits you! The brown ugly thing engulfs you! The acid corrodes you!
You are splashed with acid!
The purple ugly thing tentacle-slaps you.
The centaur shoots an arrow.
The arrow hits you!
The centaur shoots an arrow.
The arrow completely misses you.
The centaur shoots an arrow.
You block the arrow.
The centaur warrior shoots an arrow.
The arrow hits you!!
The centaur shoots an arrow.
The arrow barely misses you.
The brown ugly thing closely misses you.
You block the purple ugly thing's attack.
The centaur shoots an arrow.
You block the arrow.
The centaur shoots an arrow.
The arrow hits you!
The centaur warrior shoots an arrow.
The arrow hits you!!
* * * LOW HITPOINT WARNING * * *
The centaur shoots an arrow.
The arrow completely misses you.
There is a stone staircase leading up, spattered with blood here.
Unknown command.
Press: ? - help, v - describe, . - travel
Here: a purple ugly thing The floor.
The centaur shoots an arrow.
The arrow misses you.
The centaur warrior shoots an arrow.
The arrow misses you.
The arrow hits the purple ugly thing!!
The centaur shoots an arrow.
The arrow completely misses you. The brown ugly thing engulfs you!
* * * LOW HITPOINT WARNING * * *
You are splashed with acid.
* * * LOW HITPOINT WARNING * * *
The purple ugly thing tentacle-slaps you!
You die...

#.# #u# #.# #u# #.#
#.# #.# #.#
#########.#######c#
#........c.........
#.......c..........
#..u....c....cc....
#.@...u............
#u.(..c............
#..................
#......c...........
#..................
#..................
#..................
#..................
###################


You could see 3 ugly things, a centaur warrior and 4 centaurs.

Vanquished Creatures
  Erica (D:11)
  2 centaur warriors (D:13)
  An ogre mage (D:13)
  6 two-headed ogres
  A boulder beetle (D:11)
  Amaemon (D:11)
  A deep troll (shapeshifter) (D:13)
  A deep elf pyromancer (D:12)
  2 cyclopes
  2 manticores (D:13)
  2 gargoyles
  An orange demon (D:11)
  Maggie (D:6)
  A yaktaur (shapeshifter) (D:13)
  An efreet (D:12)
  4 trolls
  7 slime creatures (D:13)
  Grinder (D:6)
  2 wyverns
  4 wraiths
  22 yaks
  A basilisk (D:12)
  2 steam dragons
  7 vampire mosquitoes
  4 acid dragons
  2 water moccasins
  4 orc warriors
  2 ice beasts (D:6)
  2 ogres (D:13)
  A sky beast (D:4)
  6 centaurs
  3 bullfrogs
  3 kobold brigands (D:7)
  3 gnoll sergeants
  3 scorpions
  9 killer bees
  3 hounds (D:6)
  2 gnoll boudas
  8 orc priests
  A jelly (D:6)
  2 iguanas (D:6)
  8 orc wizards
  A sleepcap (D:6)
  A mummy (D:4)
  34 gnolls
  11 adders
  2 shadow imps
  4 ufetubi (D:5)
  A worm (D:2)
  5 dart slugs
  57 orcs
  8 ball pythons
  5 endoplasms
  2 giant cockroaches
  16 goblins
  14 hobgoblins
  2 jackals (D:1)
  2 quokkas
  10 bats
  3 frilled lizards
  28 kobolds
  6 rats
352 creatures vanquished.

Vanquished Creatures (others)
  A slime creature (D:13)
1 creature vanquished.

Grand Total: 353 creatures vanquished

Notes
Turn   | Place    | Note
-------+----------+-------------------------------------------
     0 | D:1      | mobinator the Hill Orc Fighter began the quest for the Orb.
     0 | D:1      | Reached XP level 1. HP: 19/19 MP: 1/1
   183 | D:1      | Reached XP level 2. HP: 24/27 MP: 2/2
   253 | D:1      | Reached skill level 3 in Axes
   483 | D:1      | Reached XP level 3. HP: 31/33 MP: 3/3
   990 | D:2      | Reached skill level 1 in Dodging
   990 | D:2      | Found a faded altar of an unknown god.
  1047 | D:2      | Found a broken altar of Ashenzari.
  1085 | D:2      | Reached XP level 4. HP: 33/40 MP: 4/4
  1994 | D:3      | Found a hide-covered altar of Uskayaw.
  2111 | D:3      | Reached XP level 5. HP: 47/47 MP: 5/5
  2240 | D:3      | Reached skill level 4 in Axes
  2616 | D:3      | Reached XP level 6. HP: 27/53 MP: 6/6
  3171 | D:4      | Identified the +3 ring mail "Noybbal" {rPois rF+ Dex-4
                  | Slay+5}
  3499 | D:4      | Found a sparkling altar of Nemelex Xobeh.
  3499 | D:4      | Found a broken altar of Ashenzari.
  3571 | D:4      | Noticed a sky beast
  3586 | D:4      | Killed a sky beast
  3587 | D:4      | Reached skill level 5 in Fighting
  3753 | D:4      | Reached XP level 7. HP: 60/61 MP: 7/7
  3856 | D:4      | Found a bloodstained altar of Trog.
  3862 | D:4      | Reached skill level 5 in Axes
  3936 | D:4      | Found a snail-covered altar of Cheibriados.
  4089 | D:5      | Entered Level 5 of the Dungeon
  4391 | D:4      | Found a burning altar of Makhleb.
  4564 | D:5      | Found a runed translucent door.
  4565 | D:5      | Noticed Koushar's ghost (amateur FeTm)
  4887 | D:6      | Reached skill level 5 in Armour
  4889 | D:6      | Reached skill level 5 in Shields
  4946 | D:6      | Found a runed translucent door.
  4947 | D:6      | Noticed Crazy Yiuf
  5078 | D:6      | Noticed Grinder
  5081 | D:6      | Paralysed by Grinder for 4 turns
  5088 | D:6      | Reached XP level 8. HP: 60/70 MP: 8/8
  5089 | D:6      | Killed Grinder
  5090 | D:6      | Reached skill level 6 in Axes
  5105 | D:6      | Noticed Maggie
  5121 | D:6      | Killed Maggie
  5360 | D:6      | Reached skill level 7 in Axes
  5408 | D:6      | Identified the +1 ring mail of Dim Light {Str+2 Dex+5 SInv
                  | Stlth-}
  5573 | D:6      | Noticed a troll
  5622 | D:6      | Killed a troll
  5623 | D:6      | Reached XP level 9. HP: 49/79 MP: 9/9
  5983 | D:7      | Found a sacrificial altar of Ru.
  6058 | D:7      | Noticed a two-headed ogre
  6068 | D:7      | Killed a two-headed ogre
  6069 | D:7      | Reached skill level 8 in Axes
  6258 | D:7      | Found a blossoming altar of Fedhas.
  6289 | D:7      | Found an iron altar of Okawaru.
  6293 | D:7      | Became a worshipper of Warmaster Okawaru
  6355 | D:7      | Reached skill level 9 in Axes
  6365 | D:7      | Found a staircase to the Ecumenical Temple.
  6739 | D:8      | Reached XP level 10. HP: 88/88 MP: 10/10
  6777 | D:8      | Found a shadowy altar of Dithmenos.
  6835 | D:8      | Reached * piety under Okawaru
  7298 | D:8      | Reached skill level 10 in Axes
  7393 | D:9      | Reached skill level 5 in Dodging
  7475 | D:9      | Reached ** piety under Okawaru
  7585 | D:9      | Found a shimmering blue altar of Sif Muna.
  7721 | D:9      | Reached skill level 11 in Axes
  7803 | D:9      | Found a glowing silver altar of Zin.
  7803 | D:9      | Found an opulent altar of Gozag.
  7928 | D:10     | Entered Level 10 of the Dungeon
  7993 | D:10     | Found a staircase to the Lair.
  8120 | D:10     | Noticed a gargoyle
  8159 | D:10     | Reached *** piety under Okawaru
  8160 | D:10     | Reached XP level 11. HP: 29/97 MP: 11/11
  8362 | D:10     | Reached skill level 12 in Axes
  8812 | D:10     | Reached **** piety under Okawaru
  9249 | D:11     | Noticed Amaemon
  9560 | D:11     | Killed Amaemon
  9561 | D:11     | Reached skill level 1 in Invocations
  9568 | D:11     | Reached ***** piety under Okawaru
  9579 | D:11     | Noticed a cyclops
  9619 | D:11     | Killed a cyclops
  9662 | D:11     | Reached skill level 13 in Axes
  9672 | D:11     | Reached skill level 10 in Fighting
  9693 | D:11     | Noticed a boulder beetle
  9814 | D:11     | Killed a boulder beetle
  9814 | D:11     | Received a gift from Okawaru
  9912 | D:11     | Noticed Erica
  9938 | D:11     | Killed Erica
  9939 | D:11     | Reached XP level 12. HP: 57/106 MP: 14/14
  9998 | D:11     | Noticed a two-headed ogre
 10005 | D:11     | Killed a two-headed ogre
 10020 | D:11     | Found a roughly hewn altar of Beogh.
 10020 | D:11     | Found a staircase to the Orcish Mines.
 10652 | D:12     | Identified the +0 robe of the Nexus {Str+5}
 10656 | D:12     | Found Woutt's Distillery.
 10658 | D:12     | Found Bycat's Jewellery Boutique.
 10659 | D:12     | Found Varphaonn's Distillery.
 10659 | D:12     | Found Jeile's Armour Emporium.
 10685 | D:12     | Reached skill level 14 in Axes
 10776 | D:12     | Bought the ring "Imucs" {Fire Dex+2} for 434 gold pieces
 10987 | D:12     | Reached ****** piety under Okawaru
 11224 | D:13     | Noticed a centaur warrior
 11224 | D:13     | Noticed a two-headed ogre
 11227 | D:13     | Noticed a two-headed ogre
 11227 | D:13     | Noticed an ogre mage
 11228 | D:13     | Noticed a two-headed ogre
 11450 | D:13     | Noticed a two-headed ogre
 11455 | D:13     | Killed a two-headed ogre
 11462 | D:13     | Killed a two-headed ogre
 11463 | D:13     | Reached skill level 10 in Armour
 11470 | D:13     | Killed a two-headed ogre
 11471 | D:13     | Reached skill level 5 in Invocations
 11473 | D:13     | Killed a two-headed ogre
 11473 | D:13     | Received a gift from Okawaru
 11485 | D:13     | Killed an ogre mage
 11485 | D:13     | Received a gift from Okawaru
 11486 | D:13     | Reached skill level 10 in Shields
 11584 | D:13     | Noticed a centaur warrior
 11598 | D:13     | Killed a centaur warrior
 11917 | D:13     | Killed a centaur warrior
 11959 | D:13     | Reached skill level 15 in Axes
 12164 | D:13     | Reached XP level 13. HP: 105/115 MP: 17/17
 12234 | D:13     | Upgraded the game from 0.31-a0-204-g7da18cac08 to
                  | 0.31-a0-219-g8d62b2e7bb
 12355 | D:14     | Found a frozen archway.
 12433 | D:14     | HP: 4/115 [acid (6)]
 12433 | D:14     | Mangled by a purple ugly thing

Illustrated notes

Levels and vault maps discovered:
D:1:      ncdulo_smallfort, layout_basic, amcnicky_mini_pool_small,
          minmay_heptomino_o4
D:2:      layout_basic, basic_altar, basic_ecumenical_altar,
          chequers_serial_rivers_small_3
D:3:      layout_loops_ring, eat_drink_and_be_merry_uskayaw
D:4:      corexii_shantytown, layout_basic, nicolae_overflow_hidden_temple,
          chei_slow_surprise, chequers_ossuary_entry_cave
D:5:      layout_cave_pods, gammafunk_ghost_grave
D:6:      cheibrodos_two_vegetables, layout_loops_ring, uniq_crazy_yiuf_cottage,
          uniq_grinder, uniq_maggie
D:7:      layout_loops_ring, amcnicky_altar_gilded, mainiacjoe_overflow_catwalk,
          mainiacjoe_overflow_24_doors, temple_doors_e, hellmonk_no_cap
D:8:      layout_basic, marbit_many_paths, minivault_1
D:9:      layout_roguey, grunt_temple_overflow_gold_and_silver, led_sif_book
D:10:     layout_irregular_city, dpeg_oklobed_lair,
          chequers_serial_rivers_micro_a
D:11:     layout_basic, david_orc_5, uniq_erica, uniq_amaemon
D:12:     layout_long_grid, nicolae_wooded_promenade
D:13:     layout_gridville
D:14:     layout_small_grid, david_vaults_5, grunt_gozag_statues,
          portal_ice_cave_entry_pillars_2

Skill      XL: |  1  2  3  4  5  6  7  8  9 10 11 12 13 |
---------------+----------------------------------------+-----
Axes           | 3 4 5 7 9 11 13 15 | 15.2
Fighting       | 4 5 7 9 10 | 10.9
Dodging        | 1 2 3 4 5 6 7 |  7.4
Armour         | 4 5 6 7 8 9 10 | 10.4
Shields        | 4 5 6 7 8 9 10 | 10.2
Invocations    | 3 5 6 |  6.1

Action                     |  1- 3 |  4- 6 |  7- 9 | 10-12 | 13-15 || total
---------------------------+-------+-------+-------+-------+-------++-------
  Melee: War axe           |    86 |   231 |   199 |   538 |    12 ||  1066
 Invoke: Finesse           |       |       |       |     1 |       ||     1
  Evoke: Wand              |       |       |       |     4 |       ||     4
    Use: Scroll            |       |     5 |     3 |     7 |     1 ||    16
         Potion            |       |     1 |     2 |     9 |       ||    12
 Armour: Scale mail        |    64 |    79 |       |       |       ||   143
         Ring mail         |       |    26 |    63 |   177 |     7 ||   273
  Dodge: Dodged            |    51 |   133 |   148 |   434 |    35 ||   801
  Block: Buckler           |    28 |    45 |    49 |   117 |    18 ||   257

Table legend: (Time is in decaauts)
 A = Elapsed time spent in this place.
 B = Non-inter-level travel time spent in this place.
 C = Inter-level travel time spent in this place.
 D = Time resting spent in this place.
 E = Time spent auto-exploring this place.
 F = Levels seen in this place.
 G = Mean time per level.
                   A        B        C        D        E       F      G
               +--------+--------+--------+--------+--------+-----+--------+
         Total |  12536 |  12021 |    515 |   1006 |   6299 |  14 |  895.4 |
       Dungeon |  12536 |  12021 |    515 |   1006 |   6299 |  14 |  895.4 |
               +--------+--------+--------+--------+--------+-----+--------+

Top non-repeatable levels by time:
    D:11: 1260 daAuts
    D:13: 1184 daAuts
     D:2: 1142 daAuts
     D:4: 1129 daAuts
    D:10: 1076 daAuts
     D:6: 1006 daAuts
     D:1: 989 daAuts
     D:3: 962 daAuts
    D:12: 868 daAuts
     D:7: 795 daAuts
     D:5: 763 daAuts
     D:8: 709 daAuts
     D:9: 591 daAuts
    D:14: 56 daAuts
